 Dungeon Sprint DCSS version 0.30-a0-859-gf88a04b62d (webtiles) character file.

Game seed: 14820980234589762208

5073 rocky1 the Imperceptible (level 10, -7/94 HPs)
             Began as a Naga Brigand on Mar 7, 2023.
             Was a High Priest of Okawaru.
             Mangled by Agnes
             ... wielding a +4 lajatang of pain
              (18 damage)
             ... in the Dungeon (Sprint IV: "Fedhas' Mad Dash").
             The game lasted 00:08:17 (2990 turns).

rocky1 the Imperceptible (Naga Brigand)             Turns: 2990, Time: 00:08:18

Health: -7/94      AC:  8    Str: 13    XL:     10   Next: 56%
Magic:  7/14       EV: 13    Int: 12    God:    Okawaru [*****.]
Gold:   64         SH:  0    Dex: 17    Spells: 9/9 levels left

rFire   . . .      SeeInvis +    n - +2 rapier (heavy)
rCold   + . .      Faith    .    (no shield)
rNeg    + . .      Spirit   .    p - +1 leather armour of Nihilism {Rampage rPois rC+ rN+}
rPois   +          Reflect  .    (no helmet)
rElec   .          Rampage  +    c - +0 cloak
rCorr   .          NoTele   +    (no gloves)
Will    +....                    (no barding)
Stlth   +++++++++                j - amulet of invisibility {+Inv}
HPRegen 0.35/turn                (no ring)
MPRegen 0.14/turn                (no ring)

@: heroic, finesse-ful, very slow
A: AC +3, large, see invisible, deformed body, poison resistance, slowness 2,
spit poison 1, naga tail 1
a: Spit Poison, Renounce Religion, Evoke Invisibility, Heroism, Finesse


You were in the Dungeon.
You worshipped Okawaru.
Okawaru was extremely pleased with you.
You visited 1 branch You collected 212 gold pieces.
You spent 148 gold pieces at shops.

Inventory:

Hand Weapons
 a - a +2 dagger
 k - a +2 short sword of venom
 n - a +2 heavy rapier (weapon)
Missiles
 d - 9 poisoned darts
 e - 2 datura-tipped darts
 f - 6 curare-tipped darts (quivered)
Armour
 b - a +0 robe
 c - a +0 cloak (worn)
 p - the +1 leather armour of Nihilism (worn) {Rampage rPois rC+ rN+}
   (You found it in the Dungeon)

   rC:        It protects you from cold.
   rPois:     It protects you from poison.
   rN:        It protects you from negative energy.
   Rampage:   It bestows one free step when moving towards enemies.
 u - a +0 buckler
Jewellery
 j - the amulet of invisibility (around neck) {+Inv}
   (You found it in the Dungeon)

   [amulet of nothing]

   +Inv:      It lets you turn invisible.
 o - the macabre finger necklace {Finger+ rN+}
   (You found it in the Dungeon)

   [amulet of nothing]

   Finger+:   It enables you to equip an extra ring.
   rN:        It protects you from negative energy.
Scrolls
 s - 3 scrolls of identify {unknown}
 t - a scroll of enchant armour {unknown}
 x - a scroll of silence {unknown}
Potions
 h - a potion of haste
 i - 2 potions of magic
 l - a potion of flight {unknown}
 m - 2 potions of lignification {unknown}
 v - 2 potions of brilliance {unknown}
 w - a potion of curing


   Skills:
 * Level 7.5(12.5) Fighting
 * Level 8.4(13.4) Short Blades
 - Level 7.0(12.0) Throwing
 + Level 3.4(8.4) Armour
 + Level 2.4(7.4) Dodging
 + Level 24.5(27) Stealth
 + Level 5.4 Invocations
 - Level 10.9 Evocations


You had 9 spell levels left.
You didn't know any spells.
Your spell library contained the following spells:

 Spells                   Type           Power      Damage    Failure   Level
 Static Discharge         Conj/Air       0%         2-2/arc   52%         2
 Vhi's Electric Charge    Tloc/Air       0%         N/A       77%         3
 Arcjolt                  Conj/Air       0%         1d10      100%        5
 Lightning Bolt           Conj/Air       0%         1d11      100%        5
 Maxwell's Capacitive Co  Air            0%         ∞         100%        8


Dungeon Overview and Level Annotations

Branches:
Dungeon (1/1)

Altars:
Cheibriados
Dithmenos
Elyvilon
Gozag
Hepliaklqana
Kikubaaqudgha
Makhleb
Nemelex Xobeh
Okawaru
Qazlal
Ru
Sif Muna
Trog
Uskayaw
Vehumet
Wu Jian
Xom
Yredelemnul
Zin
The Shining One
Jiyva
Lugonu

Shops:
D **[*(

Annotations:
D Agnes


Innate Abilities, Weirdness & Mutations

Your serpentine skin is tough. (AC +3)
You have supernaturally acute eyesight. (SInv)
Armour fits poorly on your strangely shaped body.
Your system is resistant to poisons. (rPois)
You cover ground very slowly.
You can spit poison.
You have a snake-like lower body.


Message History

You open the door.
Agnes shouts!
Agnes says, "You will find the Path of Peace easy to follow, in death."
Throw: 2 darts (atropa)
Press: ? - help, Q - select action, (/) - cycle Shift-Dir - straight line, f - Agnes
Aim: Agnes, wielding a +4 lajatang of pain and wearing a +0 robe (36% to hit, chance to blind on hit: 65%)
You throw an atropa-tipped dart.
The atropa-tipped dart closely misses Agnes.
Throw: dart (atropa)
Press: ? - help, Q - select action, (/) - cycle Shift-Dir - straight line, f/p - Agnes
Aim: Agnes, wielding a +4 lajatang of pain and wearing a +0 robe (36% to hit, chance to blind on hit: 65%)
You throw an atropa-tipped dart.
The atropa-tipped dart closely misses Agnes.
Throw: 6 darts (curare)
Press: ? - help, Q - select action, (/) - cycle Shift-Dir - straight line, f/p - Agnes
Aim: Agnes, wielding a +4 lajatang of pain and wearing a +0 robe (36% to hit)
Okay, then.
You gain the combat prowess of a mighty hero.
Agnes closely misses you.
You can now deal lightning-fast blows.
Agnes hits you with a +4 lajatang of pain!!!
Agnes closely misses you.
Unknown command.
You puncture Agnes!
Agnes is lightly wounded.
Agnes hits you with a +4 lajatang of pain!!
You barely miss Agnes.
Agnes is lightly wounded.
Agnes barely misses you.
You hit Agnes.
Agnes is lightly wounded.
Agnes hits you with a +4 lajatang of pain!!
* * * LOW HITPOINT WARNING * * *
You feel much better.
Agnes hits you with a +4 lajatang of pain!!
* * * LOW HITPOINT WARNING * * *
You writhe in agony.
* * * LOW HITPOINT WARNING * * *
Agnes hits you with a +4 lajatang of pain!!
You die...

##############################
#.⌠._._._._.⌠.#..'...#.†..##∩#
'.._._._._._.['..#...#....'.)#
#..._._._._...#..###'##...##∩#
#.._._._._)_..#..##∩∩.'...####
#._._._._._.⌠.#############
###################......#
#♣♣♣♣♣..♣.###.'..'.......+
......♣..♣##..#†@#.P.....#
♣..♣♣♣.♣).###.##i##.P....#
.♣♣.=♣...♣'...#♣.♣######## #
#############.....#
..♣..♣....# ...♣.... .♣..
..... ♣(... ∩. #### ###### ##


You could see Agnes.

Vanquished Creatures
  A spriggan berserker (D)
  A spriggan druid (D)
  6 oklob plants (D)
  3 burning bushes (D)
  A queen bee (D)
  3 wandering mushrooms (D)
  3 scorpions (D)
  4 killer bees (D)
  5 oklob saplings (D)
  2 spriggans (D)
  A river rat (D)
  A rat (D)
  A ballistomycete spore (D)
32 creatures vanquished.

Vanquished Creatures (others)
  A fungus (D)
1 creature vanquished.

Grand Total: 33 creatures vanquished

Notes
Turn   | Place    | Note
-------+----------+-------------------------------------------
     0 | D        | rocky1 the Naga Brigand began the quest for the Orb.
     0 | D        | Reached XP level 1. HP: 19/19 MP: 1/1
    16 | D        | Reached skill level 7 in Stealth
    16 | D        | Reached XP level 2. HP: 2/27 MP: 2/2
   545 | D        | Noticed an oklob sapling
   652 | D        | Killed an oklob sapling
   653 | D        | Reached skill level 1 in Dodging
   653 | D        | Reached skill level 9 in Stealth
   653 | D        | Reached XP level 3. HP: 33/33 MP: 3/3
   654 | D        | Noticed a scorpion
   654 | D        | Found the amulet of invisibility {+Inv}
   662 | D        | Killed a scorpion
   663 | D        | Reached skill level 12 in Stealth
   663 | D        | Reached XP level 4. HP: 42/42 MP: 4/4
   700 | D        | Found an opulent altar of Gozag.
   700 | D        | Found a hazy altar of Hepliaklqana.
   700 | D        | Found a burning altar of Makhleb.
   700 | D        | Found a sparkling altar of Nemelex Xobeh.
   700 | D        | Found a snail-covered altar of Cheibriados.
   700 | D        | Found a sacrificial altar of Ru.
   700 | D        | Found a shimmering blue altar of Sif Muna.
   700 | D        | Found a shimmering altar of Xom.
   700 | D        | Found a basalt altar of Yredelemnul.
   701 | D        | Found a viscous altar of Jiyva.
   701 | D        | Found a bloodstained altar of Trog.
   701 | D        | Found an ornate altar of the Wu Jian Council.
   701 | D        | Noticed an oklob sapling priest
   702 | D        | Found an iron altar of Okawaru.
   702 | D        | Found a shadowy altar of Dithmenos.
   702 | D        | Found a glowing silver altar of Zin.
   703 | D        | Found a hide-covered altar of Uskayaw.
   703 | D        | Found an ancient bone altar of Kikubaaqudgha.
   704 | D        | Found a stormy altar of Qazlal.
   704 | D        | Found a glowing golden altar of the Shining One.
   704 | D        | Found a white marble altar of Elyvilon.
   705 | D        | Found a radiant altar of Vehumet.
   705 | D        | Found a corrupted altar of Lugonu.
   708 | D        | Killed an oklob sapling priest
   709 | D        | Reached skill level 13 in Stealth
   709 | D        | Reached XP level 5. HP: 50/50 MP: 5/5
   719 | D        | Became a worshipper of Warmaster Okawaru
   737 | D        | Reached skill level 14 in Stealth
   751 | D        | Noticed a queen bee
   758 | D        | Killed a queen bee
   758 | D        | Reached * piety under Okawaru
   759 | D        | Reached skill level 5 in Fighting
   759 | D        | Reached skill level 5 in Throwing
   759 | D        | Reached skill level 16 in Stealth
   759 | D        | Reached XP level 6. HP: 61/61 MP: 6/6
   760 | D        | Reached skill level 17 in Stealth
   760 | D        | Reached XP level 7. HP: 67/67 MP: 7/7
   764 | D        | Reached skill level 18 in Stealth
   997 | D        | Noticed an oklob plant
  1000 | D        | Killed an oklob plant
  1000 | D        | Reached ** piety under Okawaru
  1000 | D        | Reached *** piety under Okawaru
  1001 | D        | Reached skill level 5 in Short Blades
  1001 | D        | Reached skill level 19 in Stealth
  1001 | D        | Reached skill level 5 in Evocations
  1001 | D        | Reached XP level 8. HP: 78/78 MP: 8/8
  1134 | D        | Found the macabre finger necklace {Finger+ rN+}
  1135 | D        | Noticed a burning bush
  1138 | D        | Killed a burning bush
  1139 | D        | Reached skill level 20 in Stealth
  1150 | D        | Noticed a burning bush
  1150 | D        | Noticed an oklob plant
  1151 | D        | Noticed a wandering mushroom
  1152 | D        | Killed a burning bush
  1152 | D        | Reached **** piety under Okawaru
  1164 | D        | Killed an oklob plant
  1165 | D        | Reached skill level 21 in Stealth
  1165 | D        | Reached XP level 9. HP: 86/86 MP: 9/9
  1168 | D        | Killed a wandering mushroom
  1170 | D        | Identified the +1 leather armour of Nihilism {Rampage rPois
                  | rC+ rN+}
  1526 | D        | Noticed a spriggan druid
  1527 | D        | Killed a spriggan druid
  1527 | D        | Reached ***** piety under Okawaru
  1527 | D        | Received a gift from Okawaru
  1528 | D        | Reached skill level 22 in Stealth
  1544 | D        | Noticed an oklob plant conjurer
  1545 | D        | Killed an oklob plant conjurer
  1546 | D        | Reached skill level 23 in Stealth
  2121 | D        | Received a gift from Okawaru
  2308 | D        | Found Boxteluk's General Store.
  2308 | D        | Found Gogerhed's Assorted Antiques.
  2315 | D        | Bought a black potion for 21 gold pieces
  2315 | D        | Bought a black potion for 21 gold pieces
  2315 | D        | Bought a scroll labelled SOBERRETIE for 24 gold pieces
  2316 | D        | Bought a scroll of enchant weapon for 82 gold pieces
  2549 | D        | Noticed a burning bush
  2549 | D        | Noticed a wandering mushroom
  2550 | D        | Noticed a wandering mushroom
  2551 | D        | Killed a wandering mushroom
  2552 | D        | Reached skill level 1 in Armour
  2552 | D        | Reached skill level 1 in Invocations
  2553 | D        | Killed a burning bush
  2554 | D        | Reached XP level 10. HP: 94/94 MP: 9/11
  2594 | D        | Found Gubakkeg's Weapon Emporium.
  2594 | D        | Found Corphier's General Store.
  2673 | D        | Noticed an oklob plant
  2673 | D        | Noticed an oklob plant summoner
  2675 | D        | Noticed an oklob plant shifter
  2679 | D        | Killed an oklob plant
  2680 | D        | Reached skill level 10 in Evocations
  2680 | D        | Killed an oklob plant summoner
  2681 | D        | Reached skill level 24 in Stealth
  2682 | D        | Killed an oklob plant shifter
  2811 | D        | Noticed Agnes
  2813 | D        | Found Niutt's Antique Armour Emporium.
  2813 | D        | Noticed a spriggan berserker
  2823 | D        | Killed a spriggan berserker
  2823 | D        | Received a gift from Okawaru
  2824 | D        | Reached skill level 5 in Invocations
  2990 | D        | Mangled by Agnes

Illustrated notes

Levels and vault maps discovered:
D:        dungeon_sprint_fedhas [sprint_temple]

Skill      XL: |  1  2  3  4  5  6  7  8  9 10 |
---------------+-------------------------------+-----
Throwing       | 2 3 5 6 7 |  7.0
Stealth        | 7 9 12 13 16 17 19 21 23 24 | 24.5
Dodging        | 1 2 |  2.4
Fighting       | 3 5 6 7 |  7.5
Short Blades   | 3 4 5 7 8 |  8.4
Evocations     | 3 5 7 9 10 | 10.9
Armour         | 1 3 |  3.4
Invocations    | 2 5 |  5.4

Action                     |  1- 3 |  4- 6 |  7- 9 | 10-12 || total
---------------------------+-------+-------+-------+-------++-------
  Melee: Dagger            |    22 |     4 |     4 |       ||    30
         Rapier            |       |       |    13 |    14 ||    27
         Short sword       |       |       |     2 |     2 ||     4
         Punch             |       |       |       |     1 ||     1
  Throw: Dart              |     6 |       |     8 |     2 ||    16
 Invoke: Heroism           |       |       |       |     1 ||     1
         Finesse           |       |       |       |     1 ||     1
Ability: Evoke Invisibilit |       |     3 |    10 |     2 ||    15
    Use: Potion            |     1 |       |     1 |     1 ||     3
         Scroll            |       |       |     1 |     3 ||     4
   Stab: Sleeping          |       |     4 |    14 |     5 ||    23
         Invisible         |       |       |     1 |       ||     1
 Armour: Robe              |     2 |       |       |       ||     2
         Leather armour    |       |       |     3 |     1 ||     4
  Dodge: Dodged            |     7 |       |     4 |     6 ||    17

Table legend: (Time is in decaauts)
 A = Elapsed time spent in this place.
 B = Non-inter-level travel time spent in this place.
 C = Inter-level travel time spent in this place.
 D = Time resting spent in this place.
 E = Time spent auto-exploring this place.
 F = Levels seen in this place.
 G = Mean time per level.
                   A        B        C        D        E       F      G
               +--------+--------+--------+--------+--------+-----+--------+
         Total |   3142 |   2983 |    159 |   2410 |      0 |   1 | 3142.0 |
       Dungeon |   3142 |   2983 |    159 |   2410 |      0 |   1 | 3142.0 |
               +--------+--------+--------+--------+--------+-----+--------+

Top non-repeatable levels by time:
       D: 3142 daAuts
